 Dungeon Crawl Stone Soup version 0.31.0-11-ge490571c62 (webtiles) character file.

Game seed: 13562516261546856505

54 qw the Shooter (level 3, 0/20 HPs)
             Began as a Deep Elf Hunter on Feb 4, 2024.
             Slain by a ribbon worm (8 damage)
             ... on level 2 of the Dungeon.
             The game lasted 00:00:05 (1355 turns).

qw the Shooter (Deep Elf Hunter)                    Turns: 1355, Time: 00:00:06

Health: 0/20       AC:  3    Str: 10    XL:     3   Next: 66%
Magic:  5/5        EV:  6    Int: 13    God:
Gold:   87         SH:  0    Dex: 18    Spells: 2/2 levels left

rFire   . . .        a - +0 shortbow
rCold   . . .        (shield currently unavailable)
rNeg    . . .        c - +0 leather armour
rPois   .            (no helmet)
rElec   .            (no cloak)
rCorr   .            (no gloves)
SInv    .            (no boots)
Will    .....        (no amulet)
Stlth   ++           (no ring)
HPRegen 0.23/turn    (no ring)
MPRegen 0.09/turn

%: no passive effects
@: held
A: no striking features
a: no special abilities


You were on level 2 of the Dungeon.
You visited 1 branch of the dungeon, and saw 2 of its levels.

You collected 87 gold pieces.


   Skills:
 - Level 1.5 Fighting
 + Level 7.2 Ranged Weapons
 - Level 2.4 Dodging
 - Level 1.2 Stealth


You had 2 spell levels left.
You didn't know any spells.
Your spell library was empty.

Inventory:

Hand Weapons
 a - a +0 shortbow (weapon)
Armour
 c - a +0 leather armour (worn)
Jewellery
 d - an amulet of regeneration
 e - a ring of protection from fire
Scrolls
 h - a scroll of fog {unknown}
 j - a scroll of blinking {unknown}
Potions
 b - a potion of lignification {unknown}
 f - a potion of berserk rage {unknown}
 g - 2 potions of might {unknown}
 i - a potion of curing

Dungeon Overview and Level Annotations

Branches:
Dungeon (2/15)

Altars:

Shops:
D:1 :!!![


Message History

The arrow hits the ribbon worm.
The ribbon worm is lightly wounded.
The jackal completely misses you. The jackal closely misses you.
You shoot an arrow. The arrow barely misses the jackal.
The arrow hits the ribbon worm.
The ribbon worm is moderately wounded.
The jackal barely misses you.
You shoot an arrow. The arrow hits the jackal.
The jackal is almost dead.
The jackal misses you. The jackal closely misses you.
You shoot an arrow. The arrow barely misses the jackal.
The arrow hits the ribbon worm.
The ribbon worm is moderately wounded.
The jackal bites you.
You shoot an arrow. The arrow hits the jackal.
You kill the jackal!
You shoot an arrow.
The arrow hits the ribbon worm but does no damage.
The ribbon worm is lightly wounded.
The ribbon worm expels a string of sticky webbing.
The stream of webbing hits you but does no damage.
You are caught in a web!
You struggle to detach yourself from the web.
The ribbon worm expels a string of sticky webbing.
The stream of webbing hits you but does no damage.
You are even more entangled.
The web tears apart.
You shoot an arrow. The arrow hits the ribbon worm.
The ribbon worm is lightly wounded.
The ribbon worm misses you.
You shoot an arrow. The arrow hits the ribbon worm.
The ribbon worm is lightly wounded.
The ribbon worm expels a string of sticky webbing.
The stream of webbing hits you but does no damage.
You are caught in a web!
The ribbon worm barely misses you. The ribbon worm bites you.
The ribbon worm bites you! The ribbon worm bites you!
You die...

##.### #####...### #.......#
#.## ##.....## #.##.##.# #..##
##.......## #.#..## #
#####...####.........###.....#
...........'.........'.......#
#####...####.........###.....#
##..# ##.......## #.#.#.# ##.#
##.....## #....... #.# ##.@.##
#####.### #.# ##w## .# #.# #.#
. #.# #.# # #.# #%# #.# ...
... ... ...


You could see a ribbon worm.

Vanquished Creatures
  A ribbon worm (D:2)
  3 dart slugs
  6 endoplasms
  3 goblins
  2 hobgoblins
  9 jackals
  3 ball pythons (D:1)
  5 bats
  2 frilled lizards
  4 kobolds
  4 rats
42 creatures vanquished.

Notes
Turn   | Place    | Note
-------+----------+-------------------------------------------
     0 | D:1      | qw the Deep Elf Hunter began the quest for the Orb.
     0 | D:1      | Reached XP level 1. HP: 12/12 MP: 3/3
     0 | D:1      | 0 ||| qw: Version: 0.3-a-160-g6735b56
     0 | D:1      | 0 ||| qw: Game counter: 5211
     0 | D:1      | 0 ||| qw: Melee chars always use a shield: true
     0 | D:1      | 0 ||| qw: God list: Okawaru
     0 | D:1      | 0 ||| qw: Allow faded altars: false
     0 | D:1      | 0 ||| qw: Do Orc after clearing Dungeon:15 true
     0 | D:1      | 0 ||| qw: Do second Lair branch before Depths: true
     0 | D:1      | 0 ||| qw: Lair rune preference: random
     0 | D:1      | 0 ||| qw: Goals: Normal
     0 | D:1      | 0 ||| PLANNING D:1-11
    60 | D:1      | Found Qubigapp's Distillery.
    71 | D:1      | 71 ||| SHOPLISTING potion of cancellation (88 gold, have
                  | 0).
    71 | D:1      | 71 ||| SHOPLISTING potion of enlightenment (55 gold, have
                  | 0).
    84 | D:1      | Found Taitrome's Distillery.
    89 | D:1      | Reached XP level 2. HP: 16/16 MP: 4/4
    91 | D:1      | 91 ||| SHOPLISTING 2 potions of might (96 gold, have 18).
    91 | D:1      | 91 ||| SHOPLISTING potion of cancellation (96 gold, have
                  | 18).
    91 | D:1      | 91 ||| SHOPLISTING potion of curing (36 gold, have 18).
    91 | D:1      | 91 ||| SHOPLISTING potion of heal wounds (60 gold, have
                  | 18).
    91 | D:1      | 91 ||| SHOPLISTING potion of might (48 gold, have 18).
    98 | D:1      | Reached skill level 6 in Ranged Weapons
   276 | D:1      | Found Vacaoditz's Distillery.
   285 | D:1      | 285 ||| SHOPLISTING potion of cancellation (96 gold, have
                  | 18).
   285 | D:1      | 285 ||| SHOPLISTING potion of curing (36 gold, have 18).
   285 | D:1      | 285 ||| SHOPLISTING potion of heal wounds (60 gold, have
                  | 18).
   285 | D:1      | 285 ||| SHOPLISTING potion of might (48 gold, have 18).
   354 | D:1      | Found Igeac's Armour Boutique.
   363 | D:1      | 363 ||| SHOPLISTING +0 helmet (49 gold, have 18).
   363 | D:1      | 363 ||| SHOPLISTING +0 pair of boots (49 gold, have 18).
   363 | D:1      | 363 ||| SHOPLISTING +0 ring mail (44 gold, have 18).
   363 | D:1      | 363 ||| SHOPLISTING +0 scale mail (44 gold, have 18).
   424 | D:1      | Found Piggos's Book Emporium.
   428 | D:1      | Reached XP level 3. HP: 20/20 MP: 5/5
   441 | D:1      | 441 ||| DROPPING ring of flight.
   442 | D:1      | 442 ||| READING scroll labelled COBEFE CISIOPT.
   443 | D:1      | 443 ||| READING scroll labelled DUETIY POLU.
   444 | D:1      | 444 ||| READING scroll labelled LARPHA ATSAGO.
   545 | D:1      | 545 ||| READING scroll labelled KAPTEYDECUTOKIT.
   546 | D:1      | 546 ||| READING scroll labelled YSOMMO JOTOC.
   547 | D:1      | 547 ||| READING scroll labelled FICUSOSIM MUASO.
   547 | D:1      | 547 ||| IDENTIFYING viscous dark potion
   548 | D:1      | 548 ||| DROPPING scroll of butterflies.
   838 | D:2      | Reached skill level 7 in Ranged Weapons
  1355 | D:2      | Slain by a ribbon worm

Levels and vault maps discovered:
D:1:      scummos_arrival_simple_fountains, layout_rooms, serial_shops, shop,
          nicolae_shop_temple_entry_statues_fountains, shop, shop, shop
D:2:      layout_loops_corners

Skill      XL: |  1  2  3 |
---------------+----------+-----
Ranged Weapons | 6 7 |  7.2
Fighting       | |  1.5
Dodging        | |  2.4
Stealth        | |  1.2

Action                     || total
---------------------------++-------
   Fire: Shortbow          ||   113
    Use: Scroll            ||     6
 Armour: Leather armour    ||    13
  Dodge: Dodged            ||    24

Table legend:
 A = Non-vault XP
 B = Vault XP
 C = Vault XP percentage of total XP
 D = Non-vault monster count
 E = Vault monster count
 F = Vault count percentage of total count
                 A         B        C        D         E       F
            +---------+---------+-------+---------+---------+-------
      Total |      78 |       0 |   0.0 |      42 |       0 |   0.0
            +---------+---------+-------+---------+---------+-------
        D:1 |      43 |       0 |   0.0 |      24 |       0 |   0.0
        D:2 |      35 |       0 |   0.0 |      18 |       0 |   0.0
            +---------+---------+-------+---------+---------+-------
